 Dungeon Crawl Stone Soup version 0.27-a0-660-g90476cec82 (webtiles) character file.

Game seed: 2619650915637493839

72 robertstho the Chiller (level 3, 0/26 HPs)
             Began as a Demigod Ice Elementalist on Mar 16, 2021.
             Slain by Sigmund
             ... wielding a +1 vampiric scythe
              (16 damage)
             ... on level 2 of the Dungeon.
             The game lasted 00:03:15 (2738 turns).

robertstho the Chiller (Demigod Ice Elementalist)   Turns: 2738, Time: 00:03:16

Health: 0/26       AC:  3    Str:  9    XL:     3   Next: 82%
Magic:  7/9        EV: 12    Int: 21    God:
Gold:   99         SH:  0    Dex: 14    Spells: 3/7 levels left

rFire    . . .     SeeInvis .   b - +0 dagger
rCold    . . .     Faith    .   (no shield)
rNeg     . . .     Spirit   .   a - +0 robe
rPois    .         Reflect  .   (no helmet)
rElec    .         Harm     .   m - +0 cloak
rCorr    .         Rampage  .   (no gloves)
Will     .....                  (no boots)
Stlth    +.........             (no amulet)
HPRegen  0.08/turn              (no ring)
MPRegen  0.11/turn              (no ring)

@: confused
A: high mp 1, forlorn
a: no special abilities


You were on level 2 of the Dungeon.
You visited 1 branch of the dungeon, and saw 2 of its levels.

You collected 99 gold pieces.

Inventory:

Hand Weapons
 b - a +0 dagger (weapon)
Armour
 a - a +0 robe (worn)
 m - a +0 cloak (worn)
Jewellery
 i - a +6 ring of intelligence
Scrolls
 c - a scroll of immolation {unknown}
 g - 3 scrolls of identify {unknown}
 h - a scroll of enchant weapon {unknown}
 j - 2 scrolls of amnesia {unknown}
 k - a scroll of blinking {unknown}
Potions
 d - a potion of flight {unknown}
 e - 4 potions of curing
 f - a potion of lignification {unknown}
 l - a potion of attraction {unknown}


   Skills:
 + Level 0.2 Fighting
 + Level 0.2 Short Blades
 + Level 2.0 Dodging
 + Level 1.9 Stealth
 + Level 0.1 Unarmed Combat
 * Level 2.5 Spellcasting
 * Level 4.4 Ice Magic


You had 3 spell levels left.
You knew the following spells:

 Your Spells              Type           Power      Damage    Failure   Level
a - Freeze                Ice            84%        1d10      2%          1
b - Frozen Ramparts       Ice            42%        1d6       7%          3

Your spell library contained the following spells:

 Spells                   Type           Power      Damage    Failure   Level
 Ozocubu's Armour         Ice            21%        N/A       7%          3
 Hailstorm                Conj/Ice       11%        3d5       50%         4
 Summon Ice Beast         Ice/Summ       11%        N/A       50%         4


Dungeon Overview and Level Annotations

Branches:
Dungeon (2/15)

Annotations:
D:2 Sigmund


Innate Abilities, Weirdness & Mutations

Your attributes grow dramatically as you level up.
You have an increased reservoir of magic. (+10% MP)
You shall have no god before yourself.


Message History

Sigmund is nearby!
Sigmund is nearby!
Sigmund is nearby!
Sigmund is nearby!
Sigmund is nearby!
This spell is quite dangerous to cast!
Memorise Frozen Ramparts, consuming 3 spell levels and leaving 3?
Sigmund shouts!
You start memorising the spell.
You continue memorising. x3
You finish memorising.
Spell assigned to 'b'.
Sigmund closely misses you.
Casting: Freeze (safe; 2% risk of failure)
Confirm with . or Enter, or press ? or * to list all spells.
The spell is quite dangerous to cast (7% risk of failure)!
Continue anyway? [Y]es or [N]o only, please.
The spell is quite dangerous to cast (7% risk of failure)!
Continue anyway?
Casting: Frozen Ramparts (quite dangerous; 7% risk of failure)
Press: ? - help, Dir - look around, f - activate The walls around you are covered in ice.
The wall freezes Sigmund.
Sigmund closely misses you.
You aren't carrying any items that you can evoke.
Unknown command.
The wall freezes Sigmund.
Sigmund barely misses you.
The wall freezes Sigmund.
Sigmund casts a spell at you. You resist with some effort.
The wall freezes Sigmund.
Sigmund misses you.
The wall freezes Sigmund.
Sigmund closely misses you.
The wall freezes Sigmund.
Sigmund casts a spell at you. The puff of flame hits you!
The wall freezes Sigmund.
Sigmund gestures at you while chanting.
You are confused.
The frozen ramparts melt away.
Sigmund completely misses you.
Unknown command.
You're too confused to cast spells.
Sigmund hits you with a +1 vampiric scythe!
Ouch! That really hurt!
You die...

#..# #.# .##....... ...#
#.# . #......(.@. ...#
#.# ##. ####..#.##. ####
#.# #>. #..#.##. #.# #.#
#..#.##. ##.## #.#
........ ##...## #.# ###
...## ###.....# #@# ##
.... # ##......##
#@##.## ...
###.#..#.#######.#...###
'..###..................
###.#..#########.#...###
# ##..## #.##.## #.##
#.#### #.# #..# #.# ##.#
#+# #.# #.# #.#


You could see Sigmund.

Vanquished Creatures
  Jessica (D:2)
  An adder (D:2)
  An ooze (D:1)
  5 bats
  3 giant cockroaches (D:1)
  4 goblins
  2 hobgoblins (D:1)
  4 jackals (D:1)
  4 kobolds
  5 frilled lizards
  A rat (D:2)
31 creatures vanquished.

Notes
Turn   | Place    | Note
-------+----------+-------------------------------------------
     0 | D:1      | robertstho the Demigod Ice Elementalist began the quest for
                  | the Orb.
     0 | D:1      | Reached XP level 1. HP: 14/14 MP: 5/5
   176 | D:1      | Reached skill level 4 in Ice Magic
   181 | D:1      | Reached XP level 2. HP: 13/20 MP: 0/7
  1134 | D:1      | You fall into a shaft and drop 1 floor!
  1201 | D:2      | Noticed Sigmund
  1850 | D:2      | Reached XP level 3. HP: 10/26 MP: 6/8
  2207 | D:2      | Noticed Jessica
  2217 | D:2      | Killed Jessica
  2729 | D:2      | Learned a level 3 spell: Frozen Ramparts
  2738 | D:2      | Slain by Sigmund

Illustrated notes

Levels and vault maps discovered:
D:1:      lightli_iron_boxes, layout_basic, kennysheep_boxes
D:2:      layout_loops_corners, lemuel_crystal_altar, uniq_jessica, uniq_sigmund

Skill      XL: |  1  2  3 |
---------------+----------+-----
Ice Magic      | 4 |  4.4
Spellcasting   | 2 |  2.5
Dodging        | 2 |  2.0
Fighting       | |  0.2
Short Blades   | |  0.2
Stealth        | |  1.9
Unarmed Combat | |  0.1

Action                   || total
-------------------------++-------
Melee: Dagger            ||    92
       Unarmed           ||     3
 Cast: Freeze            ||    35
       Frozen Ramparts   ||     1
  Use: Potion            ||     1
 Stab: Sleeping          ||     3
Armor: Robe              ||    35
Dodge: Dodged            ||   104

Table legend: (Time is in decaauts)
 A = Elapsed time spent in this place.
 B = Non-inter-level travel time spent in this place.
 C = Inter-level travel time spent in this place.
 D = Time resting spent in this place.
 E = Time spent auto-exploring this place.
 F = Levels seen in this place.
 G = Mean time per level.
                   A        B        C        D        E       F      G
               +--------+--------+--------+--------+--------+-----+--------+
         Total |   2738 |   2716 |     22 |      0 |   2321 |   2 | 1369.0 |
       Dungeon |   2738 |   2716 |     22 |      0 |   2321 |   2 | 1369.0 |
               +--------+--------+--------+--------+--------+-----+--------+

Top non-repeatable levels by time:
     D:1: 1637 daAuts
     D:2: 1101 daAuts
